 Dungeon Sprint DCSS version 0.29-a0-330-g52719c12eb (webtiles) character file.

Game seed: 11384435015876179804

56 HoaS the Grappler (level 3, 0/21 HPs)
             Began as a Gargoyle Gladiator on May 29, 2022.
             Was an Initiate of Makhleb.
             Shot with an arrow by a centaur (8 damage)
             ... in the Dungeon (Sprint IX: "|||||||||||||||||||||||||||||").
             The game lasted 00:02:48 (187 turns).

HoaS the Grappler (Gargoyle Gladiator)               Turns: 187, Time: 00:02:48

Health: 0/21       AC: 17    Str: 19    XL:     3   Next: 97%
Magic:  3/3        EV:  8    Int:  8    God:    Makhleb [......]
Gold:   0          SH:  0    Dex: 14    Spells: 2/2 levels left

rFire   . . .      SeeInvis .     - Unarmed
rCold   . . .      Faith    .   (no shield)
rNeg    + . .      Spirit   .   o - +1 chain mail
rPois   ∞          Reflect  .   b - +0 helmet
rElec   +          Harm     .   m - +0 cloak
rCorr   .          Rampage  .   (no gloves)
Will    .....      NoTele   +   n - +0 pair of boots
Stlth   ..........              (no amulet)
HPRegen 0.07/turn               p - +3 ring of dexterity
MPRegen 0.08/turn               q - +2 ring of protection

@: hasted and slowed, invisible
A: sickness immunity, AC +3, negative energy resistance 1, electricity
resistance, torment resistance 1, petrification resistance
a: Renounce Religion


You were in the Dungeon.
You worshipped Makhleb.
Makhleb was noncommittal.
You visited 1 branch

Inventory:

Missiles
 c - 2 throwing nets (quivered)
 d - a javelin
Armour
 b - a +0 helmet (worn)
 m - a +0 cloak (worn)
 n - a +0 pair of boots (worn)
 o - a +1 chain mail (worn)
Jewellery
 p - a +3 ring of dexterity (left hand)
 q - a +2 ring of protection (right hand)
Wands
 l - a wand of acid (10)
Scrolls
 j - 2 scrolls of blinking
Potions
 e - 5 potions of curing
 i - 2 potions of heal wounds


   Skills:
 - Level 2.1 Fighting
 - Level 1.7 Throwing
 - Level 2.4 Dodging
 + Level 8.0 Unarmed Combat


You had 2 spell levels left.
You didn't know any spells.
Your spell library was empty.

Dungeon Overview and Level Annotations

Branches:
Dungeon (1/1)

Altars:
Cheibriados
Dithmenos
Elyvilon
Fedhas
Gozag
Hepliaklqana
Kikubaaqudgha
Makhleb
Nemelex Xobeh
Okawaru
Qazlal
Ru
Sif Muna
Trog
Uskayaw
Vehumet
Wu Jian
Xom
Yredelemnul
Zin
The Shining One
Beogh
Jiyva
Lugonu


Innate Abilities, Weirdness & Mutations

You are immune to sickness and miasma.
Your stone body is resilient. (AC +3)
You are immune to poison.
You resist negative energy. (rN+)
You are resistant to electric shocks. (rElec)
You are resistant to unholy torment.
You are immune to petrification.


Message History

You closely miss the wraith.
The wraith is lightly damaged.
The centaur wields a +0 shortbow.
The centaur shoots an arrow.
The arrow hits the kobold demonologist!
You barely miss the wraith.
The wraith is lightly damaged.
The centaur shoots an arrow.
The arrow hits the kobold demonologist!
The wraith hits you but does no damage.
The orc wizard mumbles some strange words.
The orc wizard flickers and vanishes!
Deactivating autopickup; reactivate with Ctrl-A.
You barely miss the wraith.
The wraith is lightly damaged.
The centaur shoots an arrow.
The arrow hits the kobold demonologist!
You hit the wraith but do no damage.
The wraith is lightly damaged.
The wraith hits you!
You hit the wraith.
The wraith is moderately damaged.
The centaur shoots an arrow.
The arrow hits the kobold demonologist.
You hit the wraith.
The wraith is moderately damaged.
The centaur shoots an arrow.
The arrow hits the kobold demonologist!
The kobold demonologist dies!
The wraith closely misses you.
You barely miss the wraith.
The wraith is moderately damaged.
The centaur shoots an arrow.
The arrow hits the wraith!
The wraith hits you. The wraith drains your vigour!
You feel yourself slow down.
You hit the wraith but do no damage.
The wraith is heavily damaged.
The centaur shoots an arrow.
The arrow hits the wraith but does no damage.
The wraith barely misses you.
The centaur shoots an arrow.
The arrow hits the wraith.
You punch the wraith!
You destroy the wraith!
Makhleb accepts your kill.
The centaur shoots an arrow.
The arrow hits you!
You die...

▓.▓
▓.▓
▓)▓
▓.▓
▓.▓
▓?▓
▓.▓
▓.▓
▓@▓
▓'▓
▓)▓
▓.▓
▓c▓
▓D▓
▓o▓
▓{▓


You could see an orc warrior (can't see you), an acid dragon (can't see you) and
a centaur (can't see you).

Vanquished Creatures
  A wraith (D)
  An orc wizard (D)
  An adder (D)
  A shadow imp (D)
  An ufetubus (D)
  A dart slug (D)
  An orc (D)
  A giant cockroach (D)
  A goblin (D)
  A ball python (D)
  A rat (D)
11 creatures vanquished.

Vanquished Creatures (others)
  A kobold demonologist (D)
1 creature vanquished.

Grand Total: 12 creatures vanquished

Notes
Turn   | Place    | Note
-------+----------+-------------------------------------------
     0 | D        | HoaS the Gargoyle Gladiator began the quest for the Orb.
     0 | D        | Reached XP level 1. HP: 12/12 MP: 1/1
    14 | D        | Reached skill level 4 in Unarmed Combat
    23 | D        | Reached XP level 2. HP: 17/17 MP: 2/2
    36 | D        | Reached skill level 5 in Unarmed Combat
    46 | D        | Reached skill level 6 in Unarmed Combat
    52 | D        | Reached XP level 3. HP: 11/21 MP: 3/3
    61 | D        | Reached skill level 8 in Unarmed Combat
    67 | D        | Found a snail-covered altar of Cheibriados.
    67 | D        | Found a shadowy altar of Dithmenos.
    67 | D        | Found a white marble altar of Elyvilon.
    67 | D        | Found a blossoming altar of Fedhas.
    67 | D        | Found an opulent altar of Gozag.
    68 | D        | Found a hazy altar of Hepliaklqana.
    69 | D        | Found a viscous altar of Jiyva.
    70 | D        | Found an ancient bone altar of Kikubaaqudgha.
    71 | D        | Found a corrupted altar of Lugonu.
    99 | D        | Found a burning altar of Makhleb.
   100 | D        | Found a sparkling altar of Nemelex Xobeh.
   101 | D        | Found an iron altar of Okawaru.
   102 | D        | Found a stormy altar of Qazlal.
   103 | D        | Found a sacrificial altar of Ru.
   104 | D        | Found a shimmering blue altar of Sif Muna.
   105 | D        | Found a bloodstained altar of Trog.
   106 | D        | Found a hide-covered altar of Uskayaw.
   107 | D        | Found a radiant altar of Vehumet.
   109 | D        | Became a worshipper of Makhleb the Destroyer
   111 | D        | Found an ornate altar of the Wu Jian Council.
   112 | D        | Found a shimmering altar of Xom.
   113 | D        | Found a basalt altar of Yredelemnul.
   114 | D        | Found a glowing silver altar of Zin.
   115 | D        | Found a glowing golden altar of the Shining One.
   173 | D        | Noticed a wraith
   173 | D        | Noticed a kobold demonologist
   173 | D        | Noticed a centaur
   173 | D        | Noticed an acid dragon
   173 | D        | Noticed an orc warrior
   184 | D        | Killed a kobold demonologist
   187 | D        | Killed a wraith
   187 | D        | Shot with an arrow by a centaur

Illustrated notes

Levels and vault maps discovered:
D:        linesprint [early_d, line_temple, items_1, d_10, items_2, lair_1,
          lair_end, items_3, orc_1, orc_end, items_4, d_15, swamp_1, shoals_1,
          snake_1, spider_1, d_20, vaults_1, items_5, swamp_end, shoals_end,
          snake_end, spider_end, vaults_end, d_27, items_6, zot_1, zot_end,
          crypt_end, forest_end, elf_end, slime_end, tomb_end, abyss_end,
          pan_hell_end]

Skill      XL: |  1  2  3 |
---------------+----------+-----
Unarmed Combat | 4 6 8 |  8.0
Fighting       | |  2.1
Throwing       | |  1.7
Dodging        | |  2.4

Action                   || total
-------------------------++-------
Melee: Unarmed           ||    53
       Punch             ||     4
Throw: Throwing net      ||     3
  Use: Potion            ||     4
 Stab: Held in net/web   ||     2
Armor: Leather armour    ||    16
       Chain mail        ||     2
Dodge: Dodged            ||    25

Table legend: (Time is in decaauts)
 A = Elapsed time spent in this place.
 B = Non-inter-level travel time spent in this place.
 C = Inter-level travel time spent in this place.
 D = Time resting spent in this place.
 E = Time spent auto-exploring this place.
 F = Levels seen in this place.
 G = Mean time per level.
                   A        B        C        D        E       F      G
               +--------+--------+--------+--------+--------+-----+--------+
         Total |    186 |    186 |      0 |     34 |      0 |   1 |  186.0 |
       Dungeon |    186 |    186 |      0 |     34 |      0 |   1 |  186.0 |
               +--------+--------+--------+--------+--------+-----+--------+

Top non-repeatable levels by time:
       D: 186 daAuts
